 Dungeon Crawl Stone Soup version 0.17.2-1-ge4368a0 (webtiles) character file.

197 Charly the Ruffian (level 5, 0/46 HPs)
             Began as a Minotaur Monk on July 2, 2017.
             Slain by a giant frog (5 damage)
             ... on level 6 of the Dungeon.
             The game lasted 00:10:02 (826 turns).

Charly the Ruffian (Minotaur Monk)                   Turns: 826, Time: 00:10:02

Health: 0/46       AC:  7    Str: 16    XL:     5   Next: 46%
Magic:  4/4        EV: 10    Int: 12    God:
Gold:   30         SH:  0    Dex: 13    Spells: 0 memorised, 4 levels left

rFire  . . .     SeeInvis .       - Unarmed
rCold  . . .     Clarity  .     d - +0 scale mail
rNeg   . . .     SustAt   .     (no shield)
rPois  .         Gourm    .     (helmet restricted)
rElec  .         Spirit   .     c - +0 cloak
rCorr  .         Warding  .     (no gloves)
rMut   .         Stasis   .     (no boots)
MR     .....                    (no amulet)
Stlth  ..........               (no ring)
                                (no ring)

@: brilliant, not resistant to hostile enchantments, extremely unstealthy
A: retaliatory headbutt, horns 2
a: no special abilities


You were on level 6 of the Dungeon.
You were full.

You visited 1 branch of the dungeon, and saw 6 of its levels.

You collected 30 gold pieces.

Inventory:

Armour
 a - a +0 robe
 c - a +0 cloak (worn)
 d - a +0 scale mail (worn)
Scrolls
 e - a scroll of remove curse {unknown}
 f - a scroll of enchant weapon {unknown}
 g - a scroll of recharging {unknown}
 h - a scroll of teleportation
 i - a scroll of magic mapping {unknown}
 j - 3 scrolls of amnesia {unknown}
 k - 3 scrolls of identify
 n - a scroll of fog {unknown}
 o - a scroll of noise {unknown}
Comestibles
 b - 4 bread rations


   Skills:
 - Level 4.2 Fighting
 - Level 3.2 Dodging
 - Level 1.5 Stealth
 * Level 7.2 Unarmed Combat


You had 4 spell levels left.
You didn't know any spells.

Dungeon Overview and Level Annotations

Branches:
Dungeon (6/15)
 Temple: D:4-7

Altars:
Kikubaaqudgha
Okawaru
Vehumet

Annotations:
D:2 Sigmund


Innate Abilities, Weirdness & Mutations

You reflexively headbutt those who attack you in melee.
You have a pair of horns on your head.


Message History

It was a potion of brilliance.
You feel clever all of a sudden. The orc hits you.
* * * LOW HITPOINT WARNING * * *
The orc hits you but does no damage.
The giant frog hits you but does no damage.
The orc hits you but does no damage.
Unknown command.
You hit the orc but do no damage. You punch the orc.
You kill the orc!
The giant frog barely misses you. The orc hits you but does no damage.
You punch the orc!
You kill the orc!
The giant frog hits you but does no damage.
The orc hits you but does no damage. The giant frog closely misses you.
The orc warrior closely misses you.
Things that are here:
an orc corpse x2
The giant frog hits you.
You die...

#.##.##...#
#..#...#...#
#..........#
...._.....#
#..(.......#
##..#...#...#
#...##.##o..#
#.......Foo.#
.###..@#####
#.?## ##. #.
#. #. #. #.


You could see an orc warrior, a giant frog, an orc wizard and an orc.

Vanquished Creatures
  2 orc priests (D:3)
  2 orc wizards
  A hound skeleton (D:4)
  2 adders
  2 worms
  An adder skeleton (D:4)
  7 orcs
  A ball python (D:1)
  A goblin (D:3)
  A hobgoblin (D:3)
  7 jackals (D:3)
  3 quokkas
  2 bats (D:3)
  A giant newt (D:3)
  A kobold (D:3)
  A rat (D:3)
35 creatures vanquished.

Notes
Turn   | Place    | Note
--------------------------------------------------------------
     0 | D:1      | Charly the Minotaur Monk began the quest for the Orb.
     0 | D:1      | Reached XP level 1. HP: 19/19 MP: 0/0
   112 | D:3      | Reached skill level 5 in Unarmed Combat
   112 | D:3      | Reached XP level 2. HP: 19/26 MP: 1/1
   128 | D:3      | Found a radiant altar of Vehumet.
   231 | D:4      | Reached XP level 3. HP: 20/33 MP: 2/2
   242 | D:4      | Noticed a phantom
   346 | D:5      | Entered Level 5 of the Dungeon
   428 | D:4      | Reached XP level 4. HP: 29/40 MP: 3/3
   484 | D:4      | Reached skill level 6 in Unarmed Combat
   664 | D:3      | Noticed an orc priest
   666 | D:3      | Noticed an orc priest
   676 | D:3      | Killed an orc priest
   680 | D:3      | Killed an orc priest
   680 | D:3      | Reached XP level 5. HP: 28/46 MP: 4/4
   682 | D:3      | Noticed an orc wizard
   727 | D:3      | Killed an orc wizard
   727 | D:3      | Reached skill level 7 in Unarmed Combat
   730 | D:3      | Found an ancient bone altar of Kikubaaqudgha.
   793 | D:2      | Noticed Sigmund
   808 | D:3      | You fall through a shaft for 3 floors!
   808 | D:6      | Found an iron altar of Okawaru.
   808 | D:6      | Noticed an orc warrior
   826 | D:6      | Slain by a giant frog

Action                   |  1- 3 |  4- 6 || total
-------------------------+-------+-------++-------
Melee: Unarmed           |    38 |    46 ||    84
  Use: Scroll            |     1 |     2 ||     3
       Potion            |       |     3 ||     3
 Stab: Sleeping          |     1 |     1 ||     2
  Eat: Beef jerky        |     1 |     2 ||     3
